AoeStats
← BO21 | MataReyes

Arabia

503233433Analyzed
1v1 RM · 1mo ago on Aug 30, 2026· 24m 35s· 2 players
Game mode
Random Map
Map size
Tiny (2 player)
Population
200
Speed
Normal
Resources
Standard
Victory
Conquest
Starting age
Dark Age
Ending age
Imperial Age
RankedLock teamsTeams togetherTeam positionsShared explorationLock speedFull tech treeHidden civsTurbo modeCheats
Victory
Defeat
🇨🇴 Teutons · Colombia
1438
+13
🇮🇳 Vietnamese · India
1367
-13
BO21 | MataReyes
6:33 Loom
9:14 Feudal Age
9:46 Double-Bit Axe
11:15 Horse Collar
16:05 Wheelbarrow
20:25 Castle Age
19:44 Bloodlines
19:41 Scale Barding Armor
21:22 Forging
21:43 Chain Barding Armor
22:46 Bow Saw
grilledc803
5:53 Loom
9:06 Feudal Age
12:06 Double-Bit Axe
12:03 Horse Collar
20:42 Castle Age
19:26 Gold Mining
19:28 Stone Mining
19:45 Fletching
20:38 Padded Archer Armor
21:56 Bow Saw
21:48 Heavy Plow
21:38 Crossbowman
Connection lost

Rejoining the realm…

Still unreachable

The connection could not be restored.

Session expired

The server has moved on; the page needs a fresh start.